 Dungeon Crawl Stone Soup version 0.31.0-12-g77e489cdc1 (webtiles) character file.

Game seed: 6061594852718077501

2853 lordive the Cruncher (level 9, -8/75 HPs)
             Began as a Minotaur Gladiator on Feb 28, 2024.
             Was a Believer of Okawaru.
             Mangled by an orc warlord
             ... wielding a +6 battleaxe
              (15 damage)
             ... in a bailey.
             The game lasted 00:11:10 (6053 turns).

lordive the Cruncher (Minotaur Gladiator)           Turns: 6053, Time: 00:11:11

Health: -8/75      AC:  6    Str: 27    XL:     9   Next: 46%
Magic:  10/11      EV: 17    Int:  5    God:    Okawaru [**....]
Gold:   353        SH:  5    Dex: 14    Spells: 8/8 levels left

rFire   . . .        a - +0 quarterstaff
rCold   . . .        (shield currently unavailable)
rNeg    . . .        b - +0 leather armour
rPois   .            c - +0 hat
rElec   .            (no cloak)
rCorr   .            z - +1 pair of gloves
SInv    .            (no boots)
Will    .....        g - amulet of reflection
Stlth   +++          i - +6 ring of strength
HPRegen 0.32/turn    l - ring of flight
MPRegen 0.12/turn

%: reflection
@: mighty, heroic, flying, hasted, invisible, very quick
A: horns 2, retaliatory headbutt
a: Renounce Religion, Heroism


You were in a bailey.
You worshipped Okawaru.
Okawaru was pleased with you.
You visited 2 branches of the dungeon, and saw 8 of its levels.
You also visited: Bailey.

You collected 353 gold pieces.

Inventory:

Hand Weapons
 a - a +0 quarterstaff (weapon)
Missiles
 d - 3 throwing nets (quivered)
 e - a javelin
Armour
 b - a +0 leather armour (worn)
 c - a +0 hat (worn)
 z - a +1 pair of gloves (worn)
Magical Staves
 m - a staff of conjuration
Jewellery
 g - an amulet of reflection (around neck)
 i - a +6 ring of strength (left hand)
 l - a ring of flight (right hand)
 p - an amulet of the acrobat
 G - a ring of poison resistance
 H - a ring of protection from fire
Wands
 v - a wand of charming (7)
 C - a wand of acid (10)
Scrolls
 f - a scroll of torment
 j - 2 scrolls of vulnerability
 n - 2 scrolls of revelation
 q - 2 scrolls of enchant armour
 r - 6 scrolls of teleportation
 t - 2 scrolls of immolation {unknown}
 y - a scroll of silence {unknown}
 B - a scroll of summoning {unknown}
 E - 3 scrolls of enchant weapon {unknown}
 K - 3 scrolls of fog {unknown}
Potions
 h - a potion of lignification
 o - 2 potions of curing
 s - a potion of invisibility
 u - 2 potions of cancellation
 w - a potion of enlightenment
 x - 2 potions of mutation
 A - 2 potions of resistance
 F - 3 potions of attraction
 I - a potion of brilliance {unknown}
 J - a potion of magic {unknown}


   Skills:
 + Level 5.9(10.9) Fighting
 + Level 10.4(15.4) Staves
 + Level 2.1(7.1) Throwing
 + Level 5.1(10.1) Armour
 + Level 6.3(11.3) Dodging
 + Level 1.1(6.1) Stealth
 + Level 4.0(9.0) Shields
 * Level 4.5 Invocations


You had 8 spell levels left.
You didn't know any spells.
Your spell library was empty.

Dungeon Overview and Level Annotations

Branches:
Dungeon (7/15)             Temple (1/1) D:4          Bailey (1/1)

Altars:
Ashenzari
Dithmenos
Elyvilon
Fedhas
Gozag
Hepliaklqana
Kikubaaqudgha
Makhleb
Nemelex Xobeh
Okawaru
Ru
Sif Muna
Uskayaw
Vehumet
Wu Jian
Xom
Zin
The Shining One

Shops:
D:6 (

Annotations:
D:6 3 runed translucent doors, RancidPinata's ghost, novice OpDe


Innate Abilities, Weirdness & Mutations

You have a pair of horns on your head.
You reflexively headbutt those who attack you in melee.


Message History

You kill the hobgoblin!
Okawaru accepts your kill.
You hit the goblin.
You kill the goblin!
The orc warlord hits you with a +6 battleaxe!!
Items here: )))) [[[[ †.
You fade into invisibility!
The orc warlord completely misses you.
You feel very mighty all of a sudden.
The orc warlord hits you with a +6 battleaxe!
You feel yourself speed up. You block the orc warlord's attack.
Aiming: Corrosive Bolt
Press: ? - help, Shift-Dir - straight line, f - orc warlord
Aim: an orc warlord, wielding a +6 battleaxe and wearing a +0 chain mail (unable to see you, 79% to hit)
The bolt of acid misses the orc warlord.
The bolt of acid hits the orc warrior.
The acid corrodes the orc warrior!
The orc warrior is lightly wounded.
The bolt of acid misses the goblin.
You hit the orc warlord but do no damage.
The orc warlord hits you with a +6 battleaxe!!
* * * LOW HITPOINT WARNING * * *
You strike the helpless orc warlord from behind!
You bludgeon the orc warlord!!
The orc warlord is lightly wounded.
You catch the helpless orc warlord completely off-guard!
You sock the orc warlord!
The orc warlord is moderately wounded.
You closely miss the orc warlord.
The orc warlord is moderately wounded.
The orc no longer looks unusually strong.
The orc warlord roars a battlecry!
The orc goes into a battle-frenzy!
Okay, then.
You closely miss the orc warlord.
The orc warlord is moderately wounded.
The orc warlord shouts!
You hit the orc warlord.
The orc warlord is moderately wounded.
The orc warlord hits you with a +6 battleaxe!
You die...

.........#...........#
)).......#...........#
.)......###........)###
#)....###.###.....#)#.###
###.###
...###.###.....### ..###
.... ###.........## ...#
..... #8..........# ...#
.....o#8..........# ...#
....goo@....⌠....∩# ...#
....oo#8..........# ...#
..... #8..........# ..###
.... ###.........##
###.###
...###.###)....###
#.....###.###.....#)#.###
).......###.......))###
)........#...........#
.........#...........#


You could see an orc warlord (unable to see you), 2 orc warriors, 2 orcs and a
goblin (unable to see you).

Vanquished Creatures
  Grinder (D:3)
  A wyvern (D:6)
  A water moccasin (D:7)
  14 orc warriors (Bailey)
  A black bear (D:4)
  4 ogres
  A scorpion (D:6)
  2 hounds
  An orc priest (D:5)
  2 jellies
  Ijyb (D:3)
  An iguana (D:5)
  4 orc wizards
  7 gnolls (Bailey)
  9 adders
  A shadow imp (D:6)
  A white imp (D:5)
  2 ufetubi (D:5)
  4 dart slugs
  7 ribbon worms
  20 orcs
  2 ball pythons
  6 endoplasms
  2 giant cockroaches
  18 goblins
  19 hobgoblins
  6 jackals
  2 quokkas (D:2)
  4 bats
  5 frilled lizards
  5 kobolds
  10 rats
164 creatures vanquished.

Notes
Turn   | Place    | Note
-------+----------+-------------------------------------------
     0 | D:1      | lordive the Minotaur Gladiator began the quest for the Orb.
     0 | D:1      | Reached XP level 1. HP: 18/18 MP: 0/0
   379 | D:1      | Reached XP level 2. HP: 24/25 MP: 1/1
   528 | D:1      | Found a faded altar of an unknown god.
   725 | D:2      | Reached skill level 4 in Staves
   726 | D:2      | HP: 1/25 [poisoned by an adder]
   730 | D:2      | Reached XP level 3. HP: 15/30 MP: 2/2
   814 | D:2      | Reached skill level 1 in Armour
  1161 | D:2      | Reached XP level 4. HP: 37/37 MP: 3/3
  1409 | D:3      | Found a hide-covered altar of Uskayaw.
  1410 | D:3      | Found a burning altar of Makhleb.
  1476 | D:3      | Reached skill level 5 in Staves
  1690 | D:3      | Noticed Ijyb
  1720 | D:3      | Killed Ijyb
  1800 | D:3      | Reached XP level 5. HP: 38/45 MP: 4/4
  2015 | D:3      | Noticed Grinder
  2015 | D:3      | Paralysed by Grinder for 2 turns
  2025 | D:3      | Paralysed by Grinder for 4 turns
  2033 | D:3      | HP: 2/45 [Grinder (8)]
  2034 | D:3      | Killed Grinder
  2035 | D:3      | Reached skill level 6 in Staves
  2035 | D:3      | Reached XP level 6. HP: 2/51 MP: 5/5
  2274 | D:4      | Found a broken altar of Ashenzari.
  2287 | D:4      | Reached skill level 1 in Shields
  2380 | D:4      | Found a staircase to the Ecumenical Temple.
  2389 | Temple   | Entered the Ecumenical Temple
  2398 | Temple   | Became a worshipper of Warmaster Okawaru
  2581 | D:4      | Reached skill level 7 in Staves
  2581 | D:4      | Reached XP level 7. HP: 41/58 MP: 6/6
  3233 | D:5      | Entered Level 5 of the Dungeon
  3241 | D:5      | Reached skill level 1 in Invocations
  3406 | D:5      | Reached skill level 5 in Dodging
  3679 | D:5      | Reached * piety under Okawaru
  3680 | D:5      | Reached skill level 8 in Staves
  3948 | D:5      | Reached XP level 8. HP: 66/66 MP: 8/8
  4153 | D:5      | Found a white marble altar of Elyvilon.
  4445 | D:6      | Found a runed translucent gate.
  4445 | D:6      | Found a runed translucent gate.
  4445 | D:6      | Found an opulent altar of Gozag.
  4446 | D:6      | Found a runed translucent gate.
  4447 | D:6      | Noticed RancidPinata's ghost (novice OpDe)
  4447 | D:6      | Noticed a manticore
  4804 | D:6      | Found Kupp's Weapon Shop.
  4826 | D:6      | Reached skill level 9 in Staves
  4876 | D:6      | Found a blossoming altar of Fedhas.
  5193 | D:7      | Found a flagged portal.
  5211 | Bailey   | Entered a bailey
  5227 | Bailey   | Reached ** piety under Okawaru
  5324 | Bailey   | Reached skill level 5 in Fighting
  5324 | Bailey   | Reached skill level 5 in Armour
  5420 | Bailey   | Reached XP level 9. HP: 33/74 MP: 7/10
  5621 | Bailey   | Reached skill level 10 in Staves
  5853 | Bailey   | Reached skill level 1 in Stealth
  6031 | Bailey   | Noticed an orc warlord
  6053 | Bailey   | Mangled by an orc warlord

Illustrated notes

Levels and vault maps discovered:
D:1:      minmay_arrival_four_houses, layout_loops_ring,
          ebering_ecumenical_altar_hall
D:2:      layout_loops_ring
D:3:      layout_rooms, nicolae_overflow_two_pavilions, uniq_ijyb, uniq_grinder
D:4:      layout_loops_ring, ashenzari_altar_1, lemuel_temple_firewalk_a,
          serial_aquarium, aquarium_bridge_square [aquarium_subvault_wall,
          aquarium_subvault_bridge, aquarium_subvault_window,
          aquarium_subvault_bridge], aquarium_window_1, aquarium_window_1,
          aquarium_view_2d, aquarium_view_4, aquarium_balcony_double_4,
          minmay_joined_circles
D:5:      layout_cave_pods, mainiacjoe_overflow_alcove_1
D:6:      layout_loops_ring, kennysheep_mini, serial_shops, shop,
          ebering_ghost_gozag
D:7:      layout_loops_ring, grunt_qazlal_clouds, enter_bailey_4, serial_glass,
          glass_columns_a, glass_columns_a
Temple:   nicolae_temple_bog_church
Bailey:   bailey_axe_minmay_hex_keep, bailey

Skill      XL: |  1  2  3  4  5  6  7  8  9 |
---------------+----------------------------+-----
Staves         | 4 5 6 7 8 9 10 | 10.4
Dodging        | 4 5 6 |  6.3
Armour         | 1 3 4 5 |  5.1
Fighting       | 3 4 5 |  5.9
Shields        | 1 2 4 |  4.0
Invocations    | 2 3 4 |  4.5
Stealth        | 1 |  1.1
Throwing       | |  2.1

Action                     |  1- 3 |  4- 6 |  7- 9 || total
---------------------------+-------+-------+-------++-------
  Melee: Quarterstaff      |    78 |    93 |   232 ||   403
         Headbutt          |     7 |    18 |    50 ||    75
 Invoke: Heroism           |       |       |     4 ||     4
  Evoke: Wand              |       |       |     1 ||     1
    Use: Potion            |     2 |       |     3 ||     5
         Scroll            |       |       |    13 ||    13
   Stab: Sleeping          |     1 |       |       ||     1
         Invisible         |       |       |     2 ||     2
 Armour: Leather armour    |    46 |    39 |    98 ||   183
  Dodge: Dodged            |    50 |    42 |   120 ||   212
  Block: Other             |     1 |    15 |    52 ||    68
